 Dungeon Crawl Stone Soup version 0.29.1-1-gd02db6906a (webtiles) character file.

Game seed: 7838503342234601522

16196 Hadkhar the Covert (level 12, -8/57 HPs)
             Began as a Spriggan Hunter on Sept 30, 2022.
             Was a High Priest of Hepliaklqana.
             Killed by divine providence
             ... invoked by a meliai
              (11 damage)
             ... on level 13 of the Dungeon.
             The game lasted 01:58:05 (16738 turns).

Hadkhar the Covert (Spriggan Hunter)               Turns: 16738, Time: 01:58:06

Health: -8/57      AC:  5    Str:  7    XL:     12   Next: 7%
Magic:  13/13      EV: 32    Int: 12    God:    Hepliaklqana [*****.]
Gold:   1066       SH:  5    Dex: 22    Spells: 11/11 levels left

rFire   . . .      SeeInvis +   y - +0 arbalest
rCold   . . .      Faith    .   (shield currently unavailable)
rNeg    + . .      Spirit   .   C - +2 robe {rN+}
rPois   .          Reflect  +   (helmet restricted)
rElec   .          Harm     .   t - +0 cloak
rCorr   .          Rampage  .   (gloves unavailable)
Will    ++...                   (boots unavailable)
Stlth   ++++++....              v - amulet of reflection
HPRegen 0.19/turn               h - +4 ring of evasion
MPRegen 0.13/turn               n - ring of flight

@: flying, studying Armour, very quick
A: reduced essence, very small, no large weapons, unfitting armour, see
invisible, speed 3
a: Renounce Religion, Recall Ancestor, Ancestor Identity, Transference, Idealise


You were on level 13 of the Dungeon.
You worshipped Hepliaklqana.
Hepliaklqana was extremely pleased with you.
You visited 3 branches of the dungeon, and saw 16 of its levels.

You collected 1066 gold pieces.

Inventory:

Hand Weapons
 y - a +0 arbalest (weapon)
 M - a +2 dagger of venom
Missiles
 r - 29 poisoned darts
 L - 2 throwing nets
Armour
 t - a +0 cloak (worn)
 C - a +2 robe of positive energy (worn)
Jewellery
 h - a +4 ring of evasion (left hand)
 n - a ring of flight (right hand)
 u - a ring of protection from cold
 v - an amulet of reflection (around neck)
 x - a ring of magical power
 A - an amulet of guardian spirit
 D - a +4 ring of protection
 G - a ring of protection from cold
Wands
 j - a wand of iceblast (10)
 H - a wand of flame (30)
 O - a wand of charming (6)
 Q - a wand of mindburst (11)
Scrolls
 b - 2 scrolls of immolation
 c - 2 scrolls of magic mapping {unknown}
 d - 5 scrolls of blinking {unknown}
 g - a scroll of fear {unknown}
 k - a scroll of butterflies {unknown}
 l - 3 scrolls of teleportation {unknown}
 p - 3 scrolls of identify
 s - 4 scrolls of poison {unknown}
 w - 2 scrolls of torment {unknown}
 B - 2 scrolls of noise {unknown}
 E - a scroll of summoning {unknown}
 J - 4 scrolls of enchant weapon {unknown}
 K - 2 scrolls of enchant armour {unknown}
 N - 2 scrolls of amnesia {unknown}
 R - 2 scrolls of vulnerability {unknown}
Potions
 a - 2 potions of invisibility
 e - 4 potions of magic
 f - 4 potions of heal wounds
 i - 4 potions of attraction
 m - 6 potions of curing
 o - 3 potions of haste
 q - 2 potions of brilliance
 z - 2 potions of ambrosia
 F - a potion of flight {unknown}
 I - 3 potions of mutation
 T - a potion of lignification {unknown}
Miscellaneous
 P - a phantom mirror (inert)


   Skills:
 + Level 7.9 Fighting
 + Level 12.1 Ranged Weapons
 + Level 12.1 Dodging
 + Level 14.1 Stealth
 + Level 5.1 Evocations


You had 11 spell levels left.
You didn't know any spells.
Your spell library contained the following spells:

 Spells                   Type           Power      Damage    Failure   Level
 Sting                    Tmut/Pois      0%         1d3       32%         1
 Poisonous Vapours        Pois/Air       0%         N/A       45%         2
 Dazzling Flash           Conj/Hex       0%         N/A       69%         3
 Leda's Liquefaction      Hex/Erth       0%         N/A       97%         4
 Olgreb's Toxic Radiance  Pois           0%         N/A       97%         4
 Agony                    Necr           0%         N/A       100%        5
 Lee's Rapid Deconstruct  Erth           0%         3d5*      100%        5
 Silence                  Hex/Air        0%         N/A       100%        5
 Statue Form              Tmut/Erth      0%         N/A       100%        6


Dungeon Overview and Level Annotations

Branches:
Dungeon (13/15)            Temple (1/1) D:4            Lair (0/5) D:11
    Orc (2/2) D:12            Elf (0/3) Orc:2
 Vaults: D:13-14

Altars:
Ashenzari
Cheibriados
Dithmenos
Elyvilon
Fedhas
Gozag
Hepliaklqana
Kikubaaqudgha
Makhleb
Nemelex Xobeh
Qazlal
Ru
Trog
Uskayaw
Vehumet
Wu Jian
Xom
Yredelemnul
Zin
The Shining One

Shops:
D:2 [   D:3 =   D:10 *

Portals:
Bazaar: D:12

Annotations:
D:4 Duvessa
D:6 2 transporters, Zeus21348's ghost, novice HOFi
Orc:2 Saint Roka; Sonja


Innate Abilities, Weirdness & Mutations

Your life essence is reduced to manifest your ancestor. (-10% HP)
You are very small and have problems with some larger weapons.
You are too small for most types of armour.
You have supernaturally acute eyesight. (SInv)
You cover ground extremely quickly. (Speed+++)


Message History

The meliai calls upon its god to heal the meliai.
The meliai is healed somewhat.
The meliai calls down the wrath of its god upon you.
Something smites you!
The meliai hits Cihuaton with a +0 war axe!
The meliai barely misses Cihuaton.
Cihuaton closely misses the meliai.
Cihuaton blocks the meliai's attack.
The meliai stings Cihuaton but does no damage.
The deep elf pyromancer casts a spell.
The deep elf pyromancer blinks!
You shoot a bolt. Cihuaton avoids your attack.
The bolt hits the meliai.
The meliai is lightly wounded.
The meliai calls upon its god to heal the meliai.
The meliai's wounds heal themselves!
Cihuaton blocks the meliai's attack. x2
The meliai hits Cihuaton with a +0 war axe!
The meliai stings Cihuaton but does no damage.
Something hits Cihuaton but does no damage.
Something stings Cihuaton but does no damage.
Cihuaton hits the meliai with a +0 flail!
The meliai hits Cihuaton with a +0 war axe!
Cihuaton blocks the meliai's attack.
You shoot a bolt. Cihuaton avoids your attack.
The bolt closely misses the meliai.
Cihuaton blocks the meliai's attack.
The meliai stings Cihuaton!
Cihuaton is destroyed!
The meliai mumbles some strange prayers to its god against you.
Something smites you!
The meliai mumbles some strange prayers to its god against you.
Something smites you!
The meliai calls down the wrath of its god upon you.
Something smites you!
The meliai invokes the aid of its god against you.
Something smites you!
* * * LOW HITPOINT WARNING * * *
The meliai calls down the wrath of its god upon you.
Something smites you!
* * * LOW HITPOINT WARNING * * *
The meliai calls down the wrath of its god upon you.
Something smites you!
You die...

...# ###.......# #####.[...
#.##### ##.'.......#####.........
.?....###[.#.......#.....###(....
......#............#.##### #.....
.......g#..#...|...'.# #.....
......####.........### #.....
......# ##........# ###.##
#.##### ##.......# #.# #..
##..#@### ..# ##. ##....##
##+#### . ##....# <.<[... .#
#######.#### ......> ........y..#
e...... .........y.###yy.....
...........#.y.......
...........#.#.......
...........e.#.......


You could see 2 meliai.

Vanquished Creatures
  Rupert (Orc:2)
  Jorgrun (D:13)
  A boulder beetle (D:12)
  A two-headed ogre (D:9)
  An orc knight (Orc:1)
  A deep elf pyromancer (D:12)
  A cyclops (D:12)
  2 gargoyles
  An unseen horror (D:12)
  3 trolls
  Prince Ribbit (D:6)
  Sigmund (D:3)
  3 shadows
  4 yaks (D:11)
  2 wargs (Orc:1)
  2 water moccasins
  5 orc warriors
  2 black bears
  2 ice beasts
  A sky beast (D:7)
  4 centaurs
  2 ogres (D:5)
  A phantom (D:5)
  2 kobold brigands
  2 necrophages
  3 bullfrogs
  2 scorpions (D:5)
  11 wights
  Dowan (D:4)
  6 killer bees
  5 howler monkeys
  2 hounds
  A jelly (D:5)
  10 orc priests
  Terence (D:2)
  3 iguanas
  10 orc wizards
  9 gnolls
  7 adders
  2 ufetubi
  2 worms
  6 dart slugs
  47 orcs
  4 endoplasms
  3 giant cockroaches
  10 goblins
  4 hobgoblins
  3 quokkas
  9 ball pythons
  6 bats
  3 frilled lizards
  15 kobolds
  2 rats
234 creatures vanquished.

Vanquished Creatures (collateral kills)
  A hydra (D:12)
  3 trolls
  A wraith (D:9)
  A wyvern (D:9)
  A yak (D:9)
  An acid dragon (D:10)
  A warg (Orc:1)
  2 orc warriors
  2 ice beasts
  A black bear (D:8)
  2 ogres (Orc:1)
  A kobold brigand (D:8)
  A scorpion (D:5)
  A bullfrog (D:9)
  6 wights
  4 killer bees
  A howler monkey (D:9)
  A hound (D:6)
  An orc priest (Orc:1)
  A gnoll bouda (D:6)
  An iguana (D:6)
  6 orc wizards
  An adder (D:5)
  4 gnolls
  An ufetubus (D:6)
  12 orcs
58 creatures vanquished.

Vanquished Creatures (others)
  4 knights
  5 ancestors
  2 plants (D:11)
11 creatures vanquished.

Grand Total: 303 creatures vanquished

Notes
Turn   | Place    | Note
-------+----------+-------------------------------------------
     0 | D:1      | Hadkhar the Spriggan Hunter began the quest for the Orb.
     0 | D:1      | Reached XP level 1. HP: 10/10 MP: 2/2
   288 | D:1      | Reached skill level 2 in Stealth
   465 | D:1      | Reached XP level 2. HP: 15/15 MP: 3/3
  1013 | D:2      | Noticed Terence
  1013 | D:2      | Found a bloodstained altar of Trog.
  1405 | D:2      | Found a faded altar of an unknown god.
  1548 | D:2      | Reached XP level 3. HP: 18/18 MP: 4/4
  1776 | D:2      | Reached skill level 3 in Stealth
  1920 | D:2      | Found Ralenweff's Antique Armour Shoppe.
  2119 | D:2      | Killed Terence
  2120 | D:2      | Reached XP level 4. HP: 23/23 MP: 5/5
  2973 | D:3      | Reached skill level 4 in Stealth
  2973 | D:3      | Reached XP level 5. HP: 16/27 MP: 6/6
  3149 | D:3      | Noticed Sigmund
  3180 | D:3      | Killed Sigmund
  3181 | D:3      | Reached skill level 5 in Ranged Weapons
  3181 | D:3      | Reached skill level 5 in Stealth
  3181 | D:3      | Reached XP level 6. HP: 24/32 MP: 7/7
  3363 | D:3      | Reached skill level 5 in Dodging
  3672 | D:3      | Found Ytziadghe's Jewellery Shop.
  3865 | D:4      | Noticed Dowan
  3868 | D:4      | Noticed Duvessa
  4102 | D:4      | Found a staircase to the Ecumenical Temple.
  4120 | Temple   | Entered the Ecumenical Temple
  4221 | Temple   | Became a worshipper of Hepliaklqana the Forgotten
  4723 | D:4      | Reached skill level 6 in Stealth
  4723 | D:4      | Reached XP level 7. HP: 36/36 MP: 8/8
  5544 | D:4      | Killed Dowan
  5721 | D:5      | Entered Level 5 of the Dungeon
  5841 | D:5      | Reached * piety under Hepliaklqana
  5896 | D:5      | Reached skill level 7 in Stealth
  6179 | D:5      | Reached XP level 8. HP: 37/37 MP: 9/9
  6793 | D:5      | Reached skill level 8 in Stealth
  7384 | D:6      | Noticed Zeus21348's ghost (novice HOFi)
  7384 | D:6      | Found a transporter.
  7390 | D:6      | Identified the +7 dire flail of the Blowfly {vamp, +Blink
                  | rN+ Str-4}
  7390 | D:6      | Noticed a two-headed ogre
  7963 | D:6      | Noticed Prince Ribbit
  7986 | D:6      | Killed Prince Ribbit
  7987 | D:6      | Reached XP level 9. HP: 41/41 MP: 10/10
  8123 | D:6      | Reached skill level 9 in Stealth
  8177 | D:6      | Reached skill level 5 in Fighting
  8308 | D:6      | Reached ** piety under Hepliaklqana
  8317 | D:6      | Remembered your ancestor Cihuaton as a knight
  8727 | D:6      | Found an ornate altar of the Wu Jian Council.
  8737 | D:6      | Found a stormy altar of Qazlal.
  9174 | D:6      | Found a transporter.
  9492 | D:7      | Reached skill level 10 in Stealth
 10671 | D:8      | Reached XP level 10. HP: 47/47 MP: 11/11
 10850 | D:8      | Reached *** piety under Hepliaklqana
 10920 | D:9      | Found an opulent altar of Gozag.
 10943 | D:9      | Reached skill level 11 in Stealth
 11193 | D:9      | Reached skill level 10 in Ranged Weapons
 11532 | D:9      | Found a shimmering altar of Xom.
 11533 | D:9      | Found a shimmering altar of Xom.
 11533 | D:9      | Found a shimmering altar of Xom.
 11778 | D:9      | Reached skill level 10 in Dodging
 12024 | D:9      | Noticed a two-headed ogre
 12035 | D:9      | Killed a two-headed ogre
 12155 | D:10     | Entered Level 10 of the Dungeon
 12174 | D:10     | Reached skill level 12 in Stealth
 12411 | D:10     | Noticed a gargoyle
 12419 | D:10     | Killed a gargoyle
 12779 | D:10     | Reached **** piety under Hepliaklqana
 13102 | D:10     | Found Noulyzil's Assorted Antiques.
 13325 | D:11     | Reached XP level 11. HP: 52/52 MP: 12/12
 13572 | D:11     | Found a staircase to the Lair.
 13774 | D:12     | Noticed a boulder beetle
 13788 | D:12     | Killed a boulder beetle
 13961 | D:12     | Noticed a six-headed hydra
 13965 | D:12     | Killed a six-headed hydra
 13966 | D:12     | Reached skill level 1 in Evocations
 14080 | D:12     | Found a staircase to the Orcish Mines.
 14117 | D:12     | Noticed a deep elf pyromancer
 14126 | D:12     | Killed a deep elf pyromancer
 14127 | D:12     | Reached skill level 13 in Stealth
 14136 | D:12     | Found a gateway to a bazaar.
 14814 | Orc:1    | Entered Level 1 of the Orcish Mines
 14821 | Orc:1    | Reached ***** piety under Hepliaklqana
 15021 | Orc:1    | Noticed an orc knight
 15055 | Orc:1    | Killed an orc knight
 15706 | Orc:2    | Entered Level 2 of the Orcish Mines
 15706 | Orc:2    | Noticed Rupert
 15728 | Orc:2    | Found a staircase to the Elven Halls.
 15764 | Orc:2    | Killed Rupert
 15888 | Orc:2    | Noticed Saint Roka
 16147 | Orc:2    | Noticed Sonja
 16535 | D:13     | Noticed Jorgrun
 16573 | D:13     | Killed Jorgrun
 16574 | D:13     | Reached skill level 14 in Stealth
 16574 | D:13     | Reached skill level 5 in Evocations
 16574 | D:13     | Reached XP level 12. HP: 34/57 MP: 13/13
 16738 | D:13     | Killed from afar by a meliai

Illustrated notes

Levels and vault maps discovered:
D:1:      tarquinn_simple_flora_water_b, layout_rooms,
          dreamdust_princess_bridge, chequers_serial_rivers_room_b
D:2:      layout_basic, serial_shops, shop, basic_altar, basic_ecumenical_altar,
          ebering_dispersal_statue_hall, minmay_split_cup_large, uniq_terence
D:3:      layout_basic, serial_shops, shop_fountains, minivault_4, uniq_sigmund
D:4:      layout_gridville, minmay_temple_entry_mist, uniq_duvessa
D:5:      layout_basic, serial_curves, eino_curves_02, eino_curves_03,
          eino_curves_02, serial_bayou_pond_d, serial_bayou_pond_a, st_stairs_4,
          nicolae_kite_square_tiling_tiny
D:6:      layout_cave_pools, amethyst_overflow_temple_binary,
          gammafunk_ghost_smash, uniq_prince_ribbit1
D:7:      layout_cave_pools
D:8:      layout_basic
D:9:      layout_basic, nicolae_gozag_seed_capital, xom_redecorated,
          grunt_decor_fettered, grunt_ministairs_9, minmay_between
D:10:     layout_loops_corners, serial_shops, kennysheep_mini_moat
D:11:     layout_big_octagon, dpeg_oklobed_lair
D:12:     minmay_stone_box, layout_irregular_city, orc_0_dummy, serial_shops,
          bzr_entry_safe
D:13:     layout_roguey [special_room_bee], uniq_jorgrun
Temple:   eino_narrow_crystal_temple
Orc:1:    layout_diamond_mine, nicolae_orc_flooded_monolith
Orc:2:    st_orc_elflike, layout_diamond_mine, nicolae_shop_clearance,
          uniq_sonja, uniq_saint_roka, uniq_rupert, uniq_nessos

Skill      XL: |  1  2  3  4  5  6  7  8  9 10 11 |
---------------+----------------------------------+-----
Stealth        | 2 3 4 5 6 7 8 10 12 14 | 14.1
Dodging        | 3 4 5 6 7 9 10 12 | 12.1
Fighting       | 2 3 4 5 6 7 |  7.9
Ranged Weapons | 5 6 7 9 11 12 | 12.1
Evocations     | 5 |  5.1

Action                   |  1- 3 |  4- 6 |  7- 9 | 10-12 || total
-------------------------+-------+-------+-------+-------++-------
Melee: Arbalest          |       |       |       |     1 ||     1
 Fire: Shortbow          |   100 |   144 |   311 |       ||   555
       Arbalest          |       |       |    63 |   312 ||   375
Invok: Ancestor Identity |       |       |     1 |       ||     1
       Recall Ancestor   |       |       |     4 |     3 ||     7
       Ancestor Life: Kn |       |       |     1 |       ||     1
Evoke: Wand              |       |       |     1 |     1 ||     2
       Phantom mirror    |       |       |       |     1 ||     1
  Use: Scroll            |       |       |     8 |     3 ||    11
       Potion            |       |       |       |     5 ||     5
Armor: Robe              |     5 |     4 |     4 |     4 ||    17
Dodge: Dodged            |    57 |    52 |   126 |    75 ||   310
Block: Other             |       |     8 |    35 |    14 ||    57
       Reflection        |       |     1 |     7 |     4 ||    12
